 Dungeon Crawl Stone Soup version 0.28-a0-973-ga7f8b01127 (webtiles) character file.

Game seed: 10833536125988496234

887 ytrimaz the Chopper (level 8, -11/62 HPs)
             Began as a Formicid Fighter on Nov 30, 2021.
             Mangled by an ogre (20 damage)
             ... on level 5 of the Dungeon on Dec 1, 2021.
             The game lasted 00:05:41 (4042 turns).

ytrimaz the Chopper (Formicid Fighter)              Turns: 4042, Time: 00:05:42

Health: -11/62     AC: 10    Str: 30    XL:     8   Next: 26%
Magic:  8/8        EV: 10    Int:  7    God:
Gold:   274        SH:  5    Dex: 10    Spells: 7/7 levels left

rFire   . . .      SeeInvis +   a - +0 war axe
rCold   . . .      Faith    .   c - +0 buckler
rNeg    . . .      Spirit   .   b - +0 scale mail
rPois   .          Reflect  .   (helmet unavailable)
rElec   .          Harm     .   (no cloak)
rCorr   .          Rampage  .   e - +2 pair of gloves
Will    .....                   (no boots)
Stlth   ..........              (no amulet)
HPRegen 0.20/turn               l - +6 ring of strength
MPRegen 0.11/turn               (no ring)

@: no status effects
A: permanent stasis, dig shafts and tunnels, antennae 3, four strong arms, claws
2
a: Dig, Shaft Self


You were on level 5 of the Dungeon.
You visited 1 branch of the dungeon, and saw 5 of its levels.

You collected 274 gold pieces.

Inventory:

Hand Weapons
 a - a +0 war axe (weapon)
Armour
 b - a +0 scale mail (worn)
 c - a +0 buckler (worn)
 e - a +2 pair of gloves (worn)
Jewellery
 l - a +6 ring of strength (left hand)
Wands
 j - a wand of acid (15)
Scrolls
 f - a scroll of identify
 g - 2 scrolls of fog
 k - a scroll of enchant weapon {unknown}
 m - a scroll of fear {unknown}
 n - a scroll of noise {unknown}
Potions
 d - a potion of magic
 h - a potion of cancellation {unknown}
 i - a potion of might


   Skills:
 + Level 5.1 Fighting
 + Level 6.3 Axes
 + Level 5.8 Armour
 + Level 5.1 Shields
 - Level 0.2 Unarmed Combat


You had 7 spell levels left.
You didn't know any spells.
Your spell library contained the following spells:

 Spells                   Type           Power      Damage    Failure   Level
 Dispersal                Tloc           0%         N/A       100%        6
 Disjunction              Tloc           0%         N/A       100%        8


Dungeon Overview and Level Annotations

Branches:
Dungeon (5/15)
 Temple: D:4-7

Altars:
Hepliaklqana
Uskayaw


Innate Abilities, Weirdness & Mutations

You cannot be hasted, slowed, berserked, paralysed or teleported.
You can dig through walls and to a lower floor.
You have a pair of large antennae on your head. (SInv)
Your four strong arms can wield two-handed weapons with a shield.
You have very sharp fingernails.


Message History

You see here a +0 falchion of protection.
You feel a little less mighty now.
Key pressed, stopping explore.
HP restored.
There is a dry fountain here.
Found a scroll of blinking.
You see here a scroll of blinking.
Found a stone staircase leading down.
Found a stone staircase leading down.
Found a stone staircase leading up.
An ogre comes into view. It is wielding a +0 giant club.
The ogre shouts!
An ogre is nearby!
An ogre is nearby!
The ogre hits you with a +0 giant club!
You slash the ogre!
The ogre is heavily wounded.
The ogre hits you with a +0 giant club!
You barely miss the ogre.
The ogre is heavily wounded.
The ogre hits you with a +0 giant club!
You are too injured to fight recklessly!
You are too injured to fight recklessly!
You are too injured to fight recklessly!
You are too injured to fight recklessly!
You are too injured to fight recklessly!
You are too injured to fight recklessly!
You are too injured to fight recklessly!
You are too injured to fight recklessly!
You are too injured to fight recklessly!
You are too injured to fight recklessly!
You are too injured to fight recklessly!
You barely miss the ogre.
The ogre is heavily wounded.
The ogre hits you with a +0 giant club!
* * * LOW HITPOINT WARNING * * *
You slash the ogre!
The ogre is almost dead.
The ogre hits you with a +0 giant club!!
You die...

####### #########
### #.....#
#.<.....# ...#
#.....#
#.......#....#
#.....##
#......@O....#
#......#
#.......#....#
#.####.#
#............# #.#
#.###..##...######
#.# #...##.#8..$8#
#.#####.....##...##
....#
#.#.....###.##...#
....##
#....##.######...#
....# .....##...#
8...8 ...#


You could see an ogre.

Vanquished Creatures
  Grinder (D:5)
  Edmund (D:5)
  2 black bears
  An ice beast (D:4)
  A phantom (D:5)
  A jelly (D:5)
  A hound (D:4)
  An iguana (D:4)
  3 adders
  A howler monkey skeleton (D:4)
  6 worms
  A dart slug (D:3)
  An orc (D:5)
  3 ball pythons
  4 bats
  2 endoplasms
  6 giant cockroaches
  9 goblins
  3 hobgoblins
  15 jackals
  A quokka (D:2)
  3 frilled lizards
  6 kobolds
  4 rats
77 creatures vanquished.

Vanquished Creatures (others)
  A demonic plant (D:2)
1 creature vanquished.

Grand Total: 78 creatures vanquished

Notes
Turn   | Place    | Note
-------+----------+-------------------------------------------
     0 | D:1      | ytrimaz the Formicid Fighter began the quest for the Orb.
     0 | D:1      | Reached XP level 1. HP: 18/18 MP: 1/1
    51 | D:1      | Reached XP level 2. HP: 13/24 MP: 2/2
   828 | D:1      | Upgraded the game from 0.28-a0-957-g42eb19b844 to
                  | 0.28-a0-973-ga7f8b01127
   861 | D:2      | Reached XP level 3. HP: 29/29 MP: 3/3
  1321 | D:2      | Found a faded altar of an unknown god.
  1412 | D:2      | Reached XP level 4. HP: 37/37 MP: 4/4
  1758 | D:2      | Reached skill level 3 in Axes
  1873 | D:3      | Found a faded altar of an unknown god.
  1873 | D:3      | Found a faded altar of an unknown god.
  1874 | D:3      | Found a faded altar of an unknown god.
  1876 | D:3      | Found a hazy altar of Hepliaklqana.
  1930 | D:3      | Gained mutation: You have sharp fingernails. [potion of
                  | mutation]
  1930 | D:3      | Gained mutation: You have very sharp fingernails. [potion
                  | of mutation]
  2626 | D:4      | Noticed a black bear
  2634 | D:4      | Killed a black bear
  2635 | D:4      | Reached skill level 4 in Axes
  2635 | D:4      | Reached XP level 5. HP: 25/42 MP: 5/5
  2637 | D:4      | Reached XP level 6. HP: 29/48 MP: 6/6
  2857 | D:4      | Noticed an ice beast
  2868 | D:4      | Killed an ice beast
  2991 | D:4      | Reached XP level 7. HP: 55/55 MP: 7/7
  3255 | D:5      | Entered Level 5 of the Dungeon
  3272 | D:5      | Reached skill level 5 in Axes
  3287 | D:5      | Noticed Edmund
  3307 | D:5      | Killed Edmund
  3308 | D:5      | Reached skill level 5 in Armour
  3754 | D:5      | Found a hide-covered altar of Uskayaw.
  3770 | D:5      | Noticed Grinder
  3797 | D:5      | Killed Grinder
  3798 | D:5      | Reached skill level 5 in Fighting
  3798 | D:5      | Reached skill level 6 in Axes
  3798 | D:5      | Reached skill level 5 in Shields
  3798 | D:5      | Reached XP level 8. HP: 34/62 MP: 8/8
  4042 | D:5      | Mangled by an ogre

Illustrated notes

Levels and vault maps discovered:
D:1:      giann_bridges, layout_loops_ring, nicolae_wormholes
D:2:      layout_basic, dreamdust_ecumenical_altar_sealed_demon
D:3:      layout_basic, nicolae_hepliaklqana_ecumenical_no_more
D:4:      layout_layer_cave, kennysheep_boxes
D:5:      layout_rooms, nicolae_uskayaw_dance_hall,
          mainiacjoe_overflow_divided_tiny, temple_green, serial_corexii_hall,
          corexii_hall_statues_i, corexii_hall_statues_x,
          corexii_hall_statues_deadend, chequers_hall_statues_corner_a,
          minivault_24, uniq_edmund, uniq_pikel, uniq_grinder

Skill      XL: |  1  2  3  4  5  6  7 |
---------------+----------------------+-----
Shields        | 4 5 |  5.1
Axes           | 4 6 |  6.3
Armour         | 4 5 |  5.8
Fighting       | 4 5 |  5.1
Unarmed Combat | |  0.2

Action                   |  1- 3 |  4- 6 |  7- 9 || total
-------------------------+-------+-------+-------++-------
Melee: War axe           |    98 |    90 |    70 ||   258
 Abil: Dig               |     4 |       |       ||     4
  Use: Scroll            |     1 |     6 |       ||     7
       Potion            |       |     2 |     2 ||     4
Armor: Scale mail        |    52 |    52 |    41 ||   145
Dodge: Dodged            |    54 |    47 |    41 ||   142
Block: Buckler           |    22 |    29 |    14 ||    65

Table legend: (Time is in decaauts)
 A = Elapsed time spent in this place.
 B = Non-inter-level travel time spent in this place.
 C = Inter-level travel time spent in this place.
 D = Time resting spent in this place.
 E = Time spent auto-exploring this place.
 F = Levels seen in this place.
 G = Mean time per level.
                   A        B        C        D        E       F      G
               +--------+--------+--------+--------+--------+-----+--------+
         Total |   4123 |   3990 |    133 |    435 |   2854 |   5 |  824.6 |
       Dungeon |   4123 |   3990 |    133 |    435 |   2854 |   5 |  824.6 |
               +--------+--------+--------+--------+--------+-----+--------+

Top non-repeatable levels by time:
     D:2: 1008 daAuts
     D:1: 871 daAuts
     D:5: 802 daAuts
     D:3: 798 daAuts
     D:4: 643 daAuts
